 Dungeon Sprint DCSS version 0.30-a0-596-g0af90f9a20 (webtiles) character file.

Game seed: 7225092091878804304

8948 rocky1 the Imperceptible (level 11, -1/49 HPs)
             Began as a Spriggan Brigand on Jan 7, 2023.
             Was an Initiate of Gozag.
             Slain by a demonic crawler (4 damage)
             ... in the Dungeon (Sprint I: "Red Sonja").
             The game lasted 00:10:20 (1946 turns).

rocky1 the Imperceptible (Spriggan Brigand)         Turns: 1946, Time: 00:10:20

Health: -1/49      AC:  5    Str:  6 (7)  XL:     11   Next: 16%
Magic:  21/21      EV: 28    Int: 12 (13) God:    Gozag
Gold:   684        SH:  5    Dex: 19      Spells: 10/10 levels left

rFire   . . .      SeeInvis +    j - +1 dagger (drain)
rCold   . . .      Faith    .    (no shield)
rNeg    . . .      Spirit   .    y - +2 robe {Will+}
rPois   .          Reflect  +    (helmet restricted)
rElec   .          Harm     .    c - +0 cloak
rCorr   .          Rampage  .    (gloves unavailable)
Will    ++...      NoTele   +    (boots unavailable)
Stlth   +++++++++                A - amulet of reflection
HPRegen 0.28/turn                B - ring of magical power
MPRegen 0.17/turn                (no ring)

@: unable to read, unable to drink, very quick
A: very small, no large weapons, unfitting armour, see invisible, speed 3,
antennae 1, clumsy 1, deterioration 1, frail 2, inability to drink after injury
1, inability to read after injury 1
a: Renounce Religion, Potion Petition, Call Merchant, Bribe Branch


You were in the Dungeon.
You worshipped Gozag.
Gozag was pleased with you.
You visited 1 branch You collected 3859 gold pieces.
You spent 3175 gold pieces at shops.

Inventory:

Hand Weapons
 a - a +2 dagger
 j - a +1 dagger of draining (weapon)
Missiles
 d - 9 poisoned darts (quivered)
 e - 8 curare-tipped darts
 o - 5 silver javelins
Armour
 b - a +0 robe
 c - a +0 cloak (worn)
 y - a +2 robe of willpower (worn)
Jewellery
 A - an amulet of reflection (around neck)
 B - a ring of magical power (left hand)
Wands
 l - a wand of paralysis (7)
 t - a wand of roots (1)
Scrolls
 k - a scroll of blinking
 n - a scroll of fog
 q - a scroll of brand weapon {unknown}
 r - 2 scrolls of enchant weapon
 s - 2 scrolls of immolation
 u - 2 scrolls of fear
 v - 3 scrolls of enchant armour
 C - a scroll of amnesia
 D - a scroll of poison
Potions
 f - 9 potions of curing
 g - 7 potions of heal wounds
 h - 4 potions of haste
 i - 2 potions of magic
 w - a potion of might
 x - 2 potions of flight
 z - 2 potions of resistance


   Skills:
 + Level 9.2 Fighting
 * Level 16.1 Short Blades
 - Level 2.5 Throwing
 + Level 13.7 Dodging
 * Level 23.4 Stealth
 - Level 12.1 Evocations


You had 10 spell levels left.
You didn't know any spells.
Your spell library was empty.

Dungeon Overview and Level Annotations

Branches:
Dungeon (1/1)

Altars:
Cheibriados
Dithmenos
Elyvilon
Fedhas
Gozag
Hepliaklqana
Kikubaaqudgha
Makhleb
Nemelex Xobeh
Okawaru
Qazlal
Ru
Sif Muna
Trog
Uskayaw
Vehumet
Wu Jian
Xom
Yredelemnul
Zin
The Shining One
Jiyva
Lugonu

Shops:
D =((=((****!:!?:(!:[[!


Innate Abilities, Weirdness & Mutations

You are very small and have problems with some larger weapons.
You are too small for most types of armour.
You have supernaturally acute eyesight. (SInv)
You cover ground extremely quickly. (Speed+++)
You have a pair of small antennae on your head.
You are clumsy. (Dex -2)
Your body sometimes deteriorates upon taking damage.
You are very frail. (-20% HP)
You occasionally lose the ability to drink potions when taking damage.
You occasionally lose the ability to read scrolls when taking damage.


Message History

You hit the demonic crawler but do no damage.
You hit the demonic crawler but do no damage.
You block the demonic crawler's attack.
The demonic crawler completely misses you. x2
You hit the demonic crawler but do no damage.
The demonic crawler hits you!
You feel threatened and lose the ability to read scrolls!
You feel threatened and lose the ability to drink potions!
* * * LOW HITPOINT WARNING * * *
The demonic crawler completely misses you. x2
You hit the demonic crawler but do no damage.
You hit the demonic crawler but do no damage.
The demonic crawler completely misses you.
The demonic crawler closely misses you.
The demonic crawler completely misses you.
You hit the demonic crawler but do no damage.
You hit the demonic crawler.
The demonic crawler is lightly wounded.
The demonic crawler hits you but does no damage.
The demonic crawler closely misses you.
The demonic crawler completely misses you.
You hit the demonic crawler but do no damage.
The demonic crawler closely misses you.
The demonic crawler completely misses you.
The demonic crawler hits you but does no damage.
You hit the demonic crawler.
The demonic crawler is lightly wounded.
You hit the demonic crawler but do no damage.
The demonic crawler is lightly wounded.
The demonic crawler completely misses you.
The demonic crawler misses you.
The demonic crawler completely misses you.
You barely miss the demonic crawler. The demonic crawler hits you!
* * * LOW HITPOINT WARNING * * *
The demonic crawler completely misses you.
The demonic crawler closely misses you.
You hit the demonic crawler but do no damage.
The demonic crawler misses you. The demonic crawler hits you.
You die...
Your body crumbles into a pile of gold.

##########################*****
#<.#.)'..#.)'..#__#..'..)#,,*,$
#..'..#.)'..#.s's.'..#...##+#$*
#..#####'#####s#__####[.sss.#$*
#..####..#...#s####§§#####..+$*
#..#__####..##@#§§§§)#§.#*+##**
#..#_____##'#_§§§§~..'..#,,,,,*
#⌠⌠#_.∩...'..._#§~§.)#§.#,,,,,+
####_..__##_.#'##§#####§###,,,*
*$$#_____###'#(#§..[###§'§#,,,*
############.####'###.###§#,,**
#∩........'...'.....'[∩##.#,,**
###''''####.).###########§#*+*$
#.......####.###.......##§#*$*$


You could see 3 demonic crawlers.

Vanquished Creatures
  2 centaur warriors (D)
  Sonja (D)
  A deep troll (D)
  An oklob plant (D)
  8 shining eyes (D)
  2 unseen horrors (D)
  2 kobold demonologists (D)
  A hornet (D)
  Sigmund (D)
  A yak (D)
  A slime creature (D)
  2 redbacks (D)
  6 floating eyes (D)
  An ogre (D)
  7 necrophages (D)
  8 jellies (D)
  Ijyb (D)
46 creatures vanquished.

Vanquished Creatures (others)
  2 ballistomycete spores (D)
2 creatures vanquished.

Grand Total: 48 creatures vanquished

Notes
Turn   | Place    | Note
-------+----------+-------------------------------------------
     0 | D        | rocky1 the Spriggan Brigand began the quest for the Orb.
     0 | D        | Reached XP level 1. HP: 10/10 MP: 2/2
     1 | D        | Noticed Ijyb
     4 | D        | Killed Ijyb
     5 | D        | Reached skill level 9 in Stealth
     5 | D        | Reached XP level 2. HP: 15/15 MP: 3/3
   110 | D        | Noticed an ogre
   113 | D        | Killed an ogre
   114 | D        | Reached skill level 11 in Stealth
   114 | D        | Reached XP level 3. HP: 20/20 MP: 4/4
   114 | D        | Reached XP level 4. HP: 24/24 MP: 5/5
   125 | D        | Noticed Sigmund
   128 | D        | Killed Sigmund
   129 | D        | Reached skill level 5 in Dodging
   129 | D        | Reached skill level 13 in Stealth
   129 | D        | Reached skill level 5 in Evocations
   129 | D        | Reached XP level 5. HP: 29/29 MP: 6/6
   129 | D        | Reached XP level 6. HP: 33/33 MP: 7/7
   243 | D        | Found an ornate altar of the Wu Jian Council.
   243 | D        | Found a shimmering blue altar of Sif Muna.
   245 | D        | Found a radiant altar of Vehumet.
   285 | D        | Found Maw Hol's Jewellery Emporium.
   285 | D        | Found an ancient bone altar of Kikubaaqudgha.
   285 | D        | Found a hazy altar of Hepliaklqana.
   285 | D        | Found a stormy altar of Qazlal.
   285 | D        | Found a hide-covered altar of Uskayaw.
   285 | D        | Found a blossoming altar of Fedhas.
   285 | D        | Found a bloodstained altar of Trog.
   285 | D        | Found an iron altar of Okawaru.
   285 | D        | Found a basalt altar of Yredelemnul.
   285 | D        | Found a glowing golden altar of the Shining One.
   285 | D        | Found a snail-covered altar of Cheibriados.
   285 | D        | Found a sacrificial altar of Ru.
   285 | D        | Found a glowing silver altar of Zin.
   285 | D        | Found a shadowy altar of Dithmenos.
   285 | D        | Found a white marble altar of Elyvilon.
   285 | D        | Noticed a yak
   286 | D        | Found an opulent altar of Gozag.
   287 | D        | Killed a yak
   288 | D        | Reached skill level 14 in Stealth
   288 | D        | Found a sparkling altar of Nemelex Xobeh.
   293 | D        | Became a worshipper of Gozag Ym Sagoz the Greedy
   304 | D        | Noticed Sonja
   308 | D        | Killed Sonja
   309 | D        | Reached skill level 5 in Fighting
   309 | D        | Reached skill level 10 in Short Blades
   309 | D        | Reached skill level 16 in Stealth
   309 | D        | Reached XP level 7. HP: 39/39 MP: 8/8
   309 | D        | Reached XP level 8. HP: 44/44 MP: 9/9
   452 | D        | Noticed a deep troll
   456 | D        | Killed a deep troll
   457 | D        | Reached skill level 17 in Stealth
   466 | D        | Found Syxuceko's Armour Emporium.
   608 | D        | Found a burning altar of Makhleb.
   608 | D        | Found a viscous altar of Jiyva.
   608 | D        | Found a shimmering altar of Xom.
   608 | D        | Found a corrupted altar of Lugonu.
   608 | D        | Noticed a slime creature
   623 | D        | Killed a slime creature
   801 | D        | Noticed a kobold demonologist
   802 | D        | Noticed a kobold demonologist
   804 | D        | Killed a kobold demonologist
   805 | D        | Reached skill level 18 in Stealth
   806 | D        | Reached XP level 9. HP: 49/49 MP: 10/10
   807 | D        | Killed a kobold demonologist
   808 | D        | Reached skill level 10 in Dodging
   808 | D        | Reached skill level 10 in Evocations
   823 | D        | Noticed a demonic crawler
   823 | D        | Noticed a demonic crawler
   823 | D        | Noticed a demonic crawler
   823 | D        | Noticed a demonic crawler
   857 | D        | Noticed a centaur warrior
   858 | D        | Noticed a centaur warrior
   860 | D        | Killed a centaur warrior
   861 | D        | Reached skill level 19 in Stealth
   861 | D        | Killed a centaur warrior
   978 | D        | Reached skill level 20 in Stealth
   989 | D        | Noticed an oklob plant
   991 | D        | Killed an oklob plant
   992 | D        | Reached XP level 10. HP: 56/56 MP: 11/11
  1035 | D        | Reached skill level 21 in Stealth
  1137 | D        | Paralysed by a floating eye for 3 turns
  1150 | D        | Paralysed by a floating eye for 3 turns
  1386 | D        | Found Fekuuwe's Book Boutique.
  1386 | D        | Found Udosug's Distillery.
  1386 | D        | Found Zelut's Antique Armour Emporium.
  1388 | D        | Found Yducrea's Distillery.
  1388 | D        | Found Maamnod's Weapon Shoppe.
  1388 | D        | Found Neexoluc's Book Shop.
  1388 | D        | Found Qoosik's Magic Scroll Emporium.
  1388 | D        | Found Vecseif's Distillery.
  1388 | D        | Found Roblit's Book Shoppe.
  1388 | D        | Found Xazen's Distillery.
  1392 | D        | Found Qanorett's Assorted Antiques.
  1393 | D        | Found Emaih's General Store.
  1393 | D        | Found Rumough's Assorted Antiques.
  1394 | D        | Found Kualo's General Store.
  1396 | D        | Bought a scroll of enchant weapon for 105 gold pieces
  1396 | D        | Bought a scroll of enchant armour for 105 gold pieces
  1397 | D        | Bought a potion of mutation for 96 gold pieces
  1397 | D        | Bought a potion of haste for 120 gold pieces
  1397 | D        | Bought 2 potions of heal wounds for 120 gold pieces
  1397 | D        | Bought a potion of might for 48 gold pieces
  1397 | D        | Bought a potion of heal wounds for 60 gold pieces
  1399 | D        | Bought a potion of heal wounds for 55 gold pieces
  1399 | D        | Bought 2 potions of flight for 66 gold pieces
  1399 | D        | Bought a potion of curing for 33 gold pieces
  1399 | D        | Bought a potion of mutation for 88 gold pieces
  1407 | D        | Bought a potion of mutation for 96 gold pieces
  1410 | D        | Bought a potion of resistance for 100 gold pieces
  1410 | D        | Bought a potion of heal wounds for 50 gold pieces
  1410 | D        | Bought a potion of haste for 100 gold pieces
  1410 | D        | Bought a potion of mutation for 80 gold pieces
  1410 | D        | Bought a potion of curing for 30 gold pieces
  1410 | D        | Bought a potion of haste for 100 gold pieces
  1414 | D        | Bought a glowing robe for 92 gold pieces
  1428 | D        | Bought a scroll of identify for 28 gold pieces
  1428 | D        | Bought a scroll of fear for 56 gold pieces
  1428 | D        | Bought a scroll of identify for 28 gold pieces
  1432 | D        | Bought a potion of resistance for 120 gold pieces
  1432 | D        | Bought a potion of curing for 36 gold pieces
  1435 | D        | Bought a scroll of identify for 60 gold pieces
  1435 | D        | Bought 2 potions of mutation for 480 gold pieces
  1435 | D        | Bought a scroll labelled UNNIASEAXZO for 30 gold pieces
  1435 | D        | Bought a potion of curing for 90 gold pieces
  1435 | D        | Bought a scroll of enchant armour for 225 gold pieces
  1437 | D        | Bought a glowing jasper amulet for 80 gold pieces
  1437 | D        | Bought a scroll of enchant armour for 120 gold pieces
  1437 | D        | Bought a knobbly coral ring for 80 gold pieces
  1437 | D        | Bought a scroll labelled WER TIREOMOH for 16 gold pieces
  1444 | D        | Bought a potion of curing for 39 gold pieces
  1444 | D        | Bought a scroll of identify for 26 gold pieces
  1444 | D        | Bought a scroll of poison for 52 gold pieces
  1444 | D        | Bought a potion of heal wounds for 65 gold pieces
  1487 | D        | Found Jozxics's Jewellery Boutique.
  1497 | D        | Noticed a shining eye
  1497 | D        | Noticed a shining eye
  1497 | D        | Noticed a shining eye
  1497 | D        | Noticed a shining eye
  1497 | D        | Noticed a shining eye
  1497 | D        | Noticed a shining eye
  1505 | D        | Gained mutation: Your magical capacity is low. (-10% MP) [a
                  | shining eye]
  1511 | D        | Gained mutation: You occasionally lose the ability to drink
                  | potions when taking damage. [a shining eye]
  1517 | D        | Killed a shining eye
  1522 | D        | Gained mutation: You are clumsy. (Dex -2) [a shining eye]
  1524 | D        | Gained mutation: You are frail. (-10% HP) [a shining eye]
  1529 | D        | Gained mutation: You occasionally lose the ability to read
                  | scrolls when taking damage. [a shining eye]
  1530 | D        | Gained mutation: Armour fits poorly on your strangely
                  | shaped body. [a shining eye]
  1537 | D        | Gained mutation: Your body sometimes deteriorates upon
                  | taking damage. [a shining eye]
  1540 | D        | Gained mutation: Your spells are a little easier to cast,
                  | but a little less powerful. [a shining eye]
  1543 | D        | Killed a shining eye
  1544 | D        | Reached skill level 15 in Short Blades
  1544 | D        | Reached skill level 22 in Stealth
  1546 | D        | Gained mutation: You sometimes lose the ability to drink
                  | potions when taking damage. [a shining eye]
  1552 | D        | Gained mutation: Your magical capacity is very low. (-20%
                  | MP) [a shining eye]
  1553 | D        | Paralysed by a floating eye for 4 turns
  1557 | D        | Gained mutation: You are very frail. (-20% HP) [a shining
                  | eye]
  1560 | D        | Gained mutation: You are extremely frail. (-30% HP) [a
                  | shining eye]
  1563 | D        | Gained mutation: You are very clumsy. (Dex -4) [a shining
                  | eye]
  1565 | D        | Killed a shining eye
  1574 | D        | Gained mutation: You have hidden genetic defects. [a
                  | shining eye]
  1577 | D        | Gained mutation: Your spells are easier to cast, but less
                  | powerful. [a shining eye]
  1579 | D        | Killed a shining eye
  1579 | D        | Paralysed by a floating eye for 4 turns
  1588 | D        | Noticed a shining eye
  1588 | D        | Noticed a shining eye
  1590 | D        | Gained mutation: You are weak. (Str -2) [a shining eye]
  1593 | D        | Gained mutation: Your magical capacity is extremely low.
                  | (-30% MP) [a shining eye]
  1595 | D        | Gained mutation: You are very weak. (Str -4) [a shining
                  | eye]
  1602 | D        | Gained mutation: Potions are less effective at restoring
                  | your health. [a shining eye]
  1604 | D        | Killed a shining eye
  1607 | D        | Gained mutation: You are dopey. (Int -2) [a shining eye]
  1613 | D        | Gained mutation: You occasionally shout uncontrollably at
                  | your foes. [a shining eye]
  1617 | D        | Paralysed by a floating eye for 4 turns
  1618 | D        | Gained mutation: You sometimes lose your temper in combat.
                  | [a shining eye]
  1622 | D        | Killed a shining eye
  1623 | D        | Reached XP level 11. HP: 43/43 MP: 8/8
  1626 | D        | Gained mutation: You have terrible hidden genetic defects.
                  | [a shining eye]
  1627 | D        | Paralysed by a floating eye for 4 turns
  1627 | D        | Gained mutation: Your body often deteriorates upon taking
                  | damage. [hidden defects]
  1633 | D        | Gained mutation: You frequently scream uncontrollably at
                  | your foes. [a shining eye]
  1639 | D        | Paralysed by a floating eye for 3 turns
  1652 | D        | Paralysed by a floating eye for 3 turns
  1659 | D        | Paralysed by a floating eye for 2 turns
  1662 | D        | Killed a shining eye
  1663 | D        | Reached skill level 23 in Stealth
  1663 | D        | Gained mutation: You are vulnerable to heat. (rF-) [a
                  | shining eye]
  1669 | D        | Paralysed by a floating eye for 3 turns
  1676 | D        | Gained mutation: You are vulnerable to cold. (rC-) [a
                  | shining eye]
  1679 | D        | Gained mutation: Your spells are much easier to cast, but
                  | much less powerful. [a shining eye]
  1691 | D        | Killed a shining eye
  1699 | D        | Found Udiybin's Antique Weapon Shop.
  1699 | D        | Found Zymop's Antique Weapon Shoppe.
  1699 | D        | Found Impuc's Weapon Boutique.
  1699 | D        | Found Roczet's Antique Weapon Emporium.
  1704 | D        | Lost mutation: You are dopey. (Int -2) [potion of mutation]
  1704 | D        | Lost mutation: You are very weak. (Str -4) [potion of
                  | mutation]
  1704 | D        | Lost mutation: You have terrible hidden genetic defects.
                  | [potion of mutation]
  1704 | D        | Lost mutation: You are very clumsy. (Dex -4) [potion of
                  | mutation]
  1704 | D        | Gained mutation: You have large cloven feet. [potion of
                  | mutation]
  1705 | D        | Lost mutation: You have large cloven feet. [potion of
                  | mutation]
  1705 | D        | Lost mutation: You frequently scream uncontrollably at your
                  | foes. [potion of mutation]
  1705 | D        | Lost mutation: You sometimes lose your temper in combat.
                  | [potion of mutation]
  1705 | D        | Lost mutation: You have hidden genetic defects. [potion of
                  | mutation]
  1706 | D        | Lost mutation: You are weak. (Str -2) [potion of mutation]
  1706 | D        | Lost mutation: You are extremely frail. (-30% HP) [potion
                  | of mutation]
  1706 | D        | Lost mutation: Potions are less effective at restoring your
                  | health. [potion of mutation]
  1706 | D        | Lost mutation: You sometimes lose the ability to drink
                  | potions when taking damage. [potion of mutation]
  1707 | D        | Lost mutation: Armour fits poorly on your strangely shaped
                  | body. [potion of mutation]
  1707 | D        | Lost mutation: You are vulnerable to heat. (rF-) [potion of
                  | mutation]
  1707 | D        | Lost mutation: You occasionally lose the ability to read
                  | scrolls when taking damage. [potion of mutation]
  1707 | D        | Lost mutation: Your spells are much easier to cast, but
                  | much less powerful. [potion of mutation]
  1708 | D        | Lost mutation: Your spells are easier to cast, but less
                  | powerful. [potion of mutation]
  1708 | D        | Lost mutation: Your magical capacity is extremely low.
                  | (-30% MP) [potion of mutation]
  1708 | D        | Lost mutation: Your spells are a little easier to cast, but
                  | a little less powerful. [potion of mutation]
  1709 | D        | Lost mutation: Your body often deteriorates upon taking
                  | damage. [potion of mutation]
  1709 | D        | Lost mutation: Your magical capacity is very low. (-20% MP)
                  | [potion of mutation]
  1709 | D        | Gained mutation: You occasionally lose the ability to read
                  | scrolls when taking damage. [potion of mutation]
  1710 | D        | Lost mutation: Your magical capacity is low. (-10% MP)
                  | [potion of mutation]
  1710 | D        | Lost mutation: You occasionally shout uncontrollably at
                  | your foes. [potion of mutation]
  1710 | D        | Lost mutation: You are vulnerable to cold. (rC-) [potion of
                  | mutation]
  1710 | D        | Gained mutation: You have a pair of small antennae on your
                  | head. [potion of mutation]
  1946 | D        | Slain by a demonic crawler

Illustrated notes

Levels and vault maps discovered:
D:        dungeon_sprint_1 [red_sonja_temple_1, red_sonja_temple_small_1]

Skill      XL: |  1  2  3  4  5  6  7  8  9 10 11 |
---------------+----------------------------------+-----
Fighting       | 2 3 5 6 7 9 |  9.2
Stealth        | 9 11 13 16 18 20 22 23 | 23.4
Short Blades   | 4 6 10 11 13 15 16 | 16.1
Dodging        | 3 5 8 9 11 13 | 13.7
Evocations     | 3 5 8 9 11 12 | 12.1
Throwing       | |  2.5

Action                   |  1- 3 |  4- 6 |  7- 9 | 10-12 || total
-------------------------+-------+-------+-------+-------++-------
Melee: Dagger            |     2 |     4 |    22 |   252 ||   280
       Punch             |       |       |     1 |     7 ||     8
Evoke: Wand              |       |       |     2 |       ||     2
  Use: Potion            |       |       |     1 |     7 ||     8
       Scroll            |       |       |       |     5 ||     5
 Stab: Sleeping          |     2 |     4 |     7 |    13 ||    26
       Paralysed         |       |       |     1 |       ||     1
       Distracted        |       |       |       |     2 ||     2
Armor: Robe              |       |       |       |     7 ||     7
Dodge: Dodged            |       |       |     9 |    56 ||    65
Block: Other             |       |       |       |     4 ||     4

Table legend: (Time is in decaauts)
 A = Elapsed time spent in this place.
 B = Non-inter-level travel time spent in this place.
 C = Inter-level travel time spent in this place.
 D = Time resting spent in this place.
 E = Time spent auto-exploring this place.
 F = Levels seen in this place.
 G = Mean time per level.
                   A        B        C        D        E       F      G
               +--------+--------+--------+--------+--------+-----+--------+
         Total |   1610 |   1575 |     35 |    931 |      0 |   1 | 1610.0 |
       Dungeon |   1610 |   1575 |     35 |    931 |      0 |   1 | 1610.0 |
               +--------+--------+--------+--------+--------+-----+--------+

Top non-repeatable levels by time:
       D: 1610 daAuts
